AoeStats
← Nemecek

Fortress

508319372Analyzed
2v2 RM · 10d ago on Sep 21, 2026· 42m 25s· 4 players
Game mode
Random Map
Map size
Normal (6 player)
Population
200
Speed
Normal
Resources
Standard
Victory
Conquest
Starting age
Dark Age
Ending age
Imperial Age
RankedLock teamsTeams togetherTeam positionsShared explorationLock speedFull tech treeHidden civsTurbo modeCheats
Victory
Defeat
🇬🇧 Gurjaras · United Kingdom
1314
+13
🇬🇧 Saracens · United Kingdom
1288
+15
🇨🇱 Ethiopians · Chile
1285
-15
🇨🇱 Magyars · Chile
1230
-13
thrud
9:10 Feudal Age
13:20 Castle Age
12:29 Double-Bit Axe
12:54 Horse Collar
16:51 Wheelbarrow
16:38 Scale Barding Armor
16:45 Husbandry
19:29 Town Watch
23:03 Bloodlines
23:14 Hand Cart
23:42 Gold Mining
23:54 Heavy Plow
27:02 Gold Shaft Mining
27:07 Bow Saw
30:28 Chain Barding Armor
35:31 Imperial Age
36:30 Cavalier
38:36 Paladin
39:54 Town Patrol
Nemecek
7:20 Feudal Age
11:41 Castle Age
9:43 Scale Mail Armor
9:43 Double-Bit Axe
11:21 Horse Collar
13:30 Chain Mail Armor
14:33 Town Watch
18:45 Loom
19:48 Fletching
23:43 Crossbowman
29:04 Wheelbarrow
29:56 Bodkin Arrow
31:00 Padded Archer Armor
32:41 Hand Cart
32:38 Elite Skirmisher
35:59 Ballistics
42:34 Bow Saw
Gobi
8:24 Feudal Age
8:56 Double-Bit Axe
12:36 Castle Age
10:38 Gold Mining
11:23 Horse Collar
11:51 Scale Barding Armor
12:44 Forging
13:38 Chain Barding Armor
16:46 Loom
17:16 Bow Saw
17:08 Heavy Plow
19:37 Iron Casting
19:44 Wheelbarrow
23:17 Hand Cart
23:57 Gold Shaft Mining
24:37 Fortified Wall
31:33 Imperial Age
29:57 Town Watch
31:54 Elite Mameluke
33:12 Plate Barding Armor
33:37 Blast Furnace
33:45 Conscription
35:01 Blast Furnace
36:59 Stone Mining
41:34 Murder Holes
42:00 Ballistics
41:51 Masonry
Gandhi's Revenge
5:37 Loom
7:22 Feudal Age
10:03 Double-Bit Axe
9:59 Horse Collar
10:15 Gold Mining
12:43 Castle Age
13:24 Scale Barding Armor
19:15 Fortified Wall
19:41 Bloodlines
23:57 Forging
25:57 Treadmill Crane
29:01 Masonry
30:58 Gold Shaft Mining
30:24 Heavy Plow
34:32 Wheelbarrow
34:28 Chain Barding Armor
34:57 Town Watch
37:44 Sanctity
37:35 Fervor
37:27 Husbandry
38:35 Hand Cart
40:18 Town Patrol
40:42 Ballistics
44:05 Imperial Age
42:42 Devotion
Connection lost

Rejoining the realm…

Still unreachable

The connection could not be restored.

Session expired

The server has moved on; the page needs a fresh start.